 Dungeon Crawl Stone Soup version 0.29.1-14-g9c671dbff4 (webtiles) character file.

Game seed: 4594024407247014035

7 croobank the Caller (level 1, -3/8 HPs)
             Began as a Felid Summoner on Feb 17, 2023.
             Slain by a kobold
             ... wielding a +0 short sword
              (4 damage)
             ... on level 1 of the Dungeon.
             The game lasted 00:01:22 (129 turns).

croobank the Caller (Felid Summoner)                 Turns: 129, Time: 00:01:23

Health: -3/8       AC:  1    Str:  4    XL:     1   Next: 83%
Magic:  1/4        EV: 17    Int: 16    God:
Gold:   12         SH:  0    Dex: 16    Spells: 3/4 levels left
                                        Lives:  0   Deaths: 0

rFire   . . .      SeeInvis +   (weapon unavailable)
rCold   . . .      Faith    .   (shield unavailable)
rNeg    . . .      Spirit   .   (body armour unavailable)
rPois   .          Reflect  .   (helmet unavailable)
rElec   .          Harm     .   (cloak unavailable)
rCorr   .          Rampage  .   (gloves unavailable)
Will    .....                   (boots unavailable)
Stlth   ++........              (no amulet)
HPRegen 0.02/turn               (no ring)
MPRegen 0.09/turn               (no ring)

@: quick
A: very small, claws 1, fangs 3, see invisible, speed 1, shaggy fur 1, stealthy
paws, no weapons or thrown items, no armour, multi-lived
a: no special abilities


You were on level 1 of the Dungeon.
You visited 1 branch of the dungeon, and saw 1 of its levels.

You collected 12 gold pieces.

Inventory:

Scrolls
 b - a scroll of vulnerability {unknown}
Potions
 a - a potion of magic


   Skills:
 + Level 0.5 Fighting
 + Level 2.9 Dodging
 - Level 2.6 Stealth
 + Level 2.1 Spellcasting
 + Level 4.1 Summonings


You had 3 spell levels left.
You knew the following spells:

 Your Spells              Type           Power      Damage    Failure   Level
a - Summon Small Mammal   Summ           56%        N/A       3%          1

Your spell library contained the following spells:

 Spells                   Type           Power      Damage    Failure   Level
 Call Imp                 Summ           14%        N/A       6%          2
 Call Canine Familiar     Summ           14%        N/A       12%         3
 Summon Guardian Golem    Hex/Summ       8%         N/A       26%         3
 Summon Lightning Spire   Summ/Air       8%         N/A       65%         4


Dungeon Overview and Level Annotations

Branches:
Dungeon (1/15)

Altars:


Innate Abilities, Weirdness & Mutations

You have sharp claws.
You have razor-sharp teeth.
You have supernaturally acute eyesight. (SInv)
You cover ground quickly. (Speed+)
You are covered in fur. (AC +1)
Your paws help you pounce on unaware monsters.
You are incapable of wielding weapons or throwing items.
You cannot wear armour.
You gain extra lives every three experience levels.


Message History

Your bat hits the jackal but does no damage.
Your bat barely misses the jackal.
The jackal completely misses you.
Your quokka barely misses the jackal.
The jackal closely misses your quokka.
You scratch the jackal.
The jackal is heavily wounded.
Your bat hits the jackal but does no damage.
Your bat closely misses the jackal.
The jackal bites you.
* * * LOW HITPOINT WARNING * * *
The jackal barely misses your quokka.
Your bat barely misses the jackal.
Your quokka bites the jackal.
The jackal dies!
What are your orders? t - Meow!
Orders for allies: a - Attack new target. r - Retreat! s - Stop attacking. g - Guard the area. f - Follow me.
Anything else - Cancel.
Gang up on whom?
Press: ? - help, Dir - move target, f - jackal
Aim: a jackal (moderately wounded, ally target) Attack!
Your bat hits the jackal but does no damage.
Your bat misses the jackal.
Your quokka closely misses the jackal.
Something barely misses your bat. The jackal bites you.
* * * LOW HITPOINT WARNING * * *
You scratch the jackal.
The jackal is almost dead.
Your bat hits the jackal but does no damage.
Your quokka closely misses the jackal.
The jackal bites your bat but does no damage.
Something barely misses your bat.
Your quokka bites the jackal.
The jackal dies!
You swap places.
Your bat closely misses the kobold. x2
You closely miss the kobold. Your bite misses the kobold.
The kobold is severely wounded.
Your bat completely misses the kobold.
Your bat hits the kobold but does no damage.
The kobold hits you with a +0 short sword.
Ouch! That really hurt!
You die...

#.##..## #......#####
#........####.....#
#..........##...>.
#.......##........
#g#.####.#'#......#......
.........#<#...##........
##.r#'#.._†.##......
##@Kb..............
#......#####.####..§...
#..##.........K.#...h$. #
####......h........
#..........##..#
#######.##.###.# #..#.#
#.# ##.#.# #.# ...# #..


You could see a kobold (ally target), a friendly quokka (summoned) and a
friendly bat (summoned).

Vanquished Creatures (collateral kills)
  A ball python (D:1)
  2 giant cockroaches (D:1)
  2 jackals (D:1)
5 creatures vanquished.

Notes
Turn   | Place    | Note
-------+----------+-------------------------------------------
     0 | D:1      | croobank the Felid Summoner began the quest for the Orb.
     0 | D:1      | Reached XP level 1. HP: 7/7 MP: 4/4
     2 | D:1      | Found a faded altar of an unknown god.
   129 | D:1      | Slain by a kobold

Illustrated notes

Levels and vault maps discovered:
D:1:      dpeg_arrival_tiny_d, layout_rooms, basic_ecumenical_altar,
          serial_rivers, chequers_serial_rivers_marsh,
          chequers_serial_rivers_small_b, chequers_serial_rivers_micro_d,
          chequers_serial_rivers_micro_c, minmay_misc_feat_tiny,
          minmay_tromino_v4_a

Action                   || total
-------------------------++-------
Melee: Unarmed           ||     4
 Cast: Summon Small Mamm ||    11
Dodge: Dodged            ||     5
